 Dungeon Crawl Stone Soup version 0.18-a0-1157-g59db91b (webtiles) character file.

26004 patman the Cleaver (level 12, -1/117 HPs)
             Began as a Deep Dwarf Gladiator on Jan 22, 2016.
             Was the Champion of Makhleb.
             Slain by an orc knight
             ... wielding a +0 bardiche
              (17 damage)
             ... on level 2 of the Orcish Mines on Jan 23, 2016.
             The game lasted 00:54:47 (12322 turns).

patman the Cleaver (Deep Dwarf Gladiator)          Turns: 12322, Time: 00:54:47

Health: -1/117     AC: 24    Str: 21    XL:     12   Next: 94%
Magic:  19/19      EV:  3    Int: 11    God:    Makhleb [******]
Gold:   632        SH:  0    Dex: 17    Spells: 1 memorised, 10 levels left

rFire  . . .     SeeInvis +     a - +4 broad axe "Sarcophage" {freeze, rElec rC+ Int+3}
rCold  + . .     Gourm    .     B - +0 plate armour
rNeg   . . .     Faith    +     (no shield)
rPois  +         Spirit   .     c - +0 helmet
rElec  +         Dismiss  .     w - +0 cloak
rCorr  .         Reflect  .     k - +2 pair of gloves
SustAt .         Harm     .     T - +1 pair of boots
MR     +....                    O - amulet of faith
Stlth  ..........               S - ring of see invisible
                                U - ring of poison resistance

@: non-regenerating, drained, somewhat resistant to hostile enchantments,
extremely unstealthy
A: damage resistance, recharge devices, sense surroundings 2, slow regeneration
3
a: Device Recharging, Minor Destruction, Lesser Servant of Makhleb, Major
Destruction, Greater Servant of Makhleb, Renounce Religion


You were on level 2 of the Orcish Mines.
You worshipped Makhleb.
Makhleb was exalted by your worship.
You were not hungry.

You visited 3 branches of the dungeon, and saw 15 of its levels.
You also visited: Sewer.

You collected 1539 gold pieces.
You spent 907 gold pieces at shops.

Inventory:

Hand Weapons
 a - the +4 broad axe "Sarcophage" (weapon) {freeze, rElec rC+ Int+3}
   (You bought it in a shop on level 6 of the Dungeon)

   It has been specially enchanted to freeze those struck by it, causing extra
   injury to most foes and up to half again as much damage against particularly
   susceptible opponents.
   It can also slow down cold-blooded creatures.
   It affects your intelligence (+3).
   It protects you from cold.
   It insulates you from electricity.
 b - a +1 whip of electrocution
 p - a +1 battleaxe of freezing
 y - a +0 broad axe of freezing
 I - a +0 blowgun
Missiles
 d - 3 throwing nets
 v - 6 silver javelins
 J - 75 poisoned needles
 L - 5 javelins (quivered)
Armour
 c - a +0 helmet (worn)
 k - a +2 pair of gloves (worn)
 w - a +0 cloak (worn)
 B - a +0 plate armour (worn)
 T - a +1 pair of boots (worn)
Jewellery
 n - an uncursed ring of stealth
 o - an uncursed ring of protection from cold
 x - an uncursed amulet of regeneration
 O - an amulet of faith (around neck)
 R - an uncursed ring of resist corrosion
 S - a ring of see invisible (right hand)
 U - a ring of poison resistance (left hand)
 W - an uncursed ring of protection from fire
 X - an uncursed ring of protection from cold
Wands
 e - a wand of heal wounds (2/9)
 g - a wand of fire (3/15)
 i - a wand of cold (0/15)
 u - a wand of digging (12/24)
 M - a wand of lightning (6/15)
 N - a wand of disintegration (5/24)
 P - a wand of digging (13/24)
Scrolls
 j - 2 scrolls of magic mapping
 s - a scroll of fog
 t - 3 scrolls of remove curse
 K - a scroll of fear
Potions
 h - 3 potions of brilliance
 l - a potion of might
 m - 3 potions of invisibility
 q - 2 potions of curing
 z - a potion of beneficial mutation {unknown}
 A - 2 potions of agility
 D - 4 potions of flight
 G - 4 potions of magic
 Q - a potion of lignification
 V - 2 potions of haste
 Z - 3 potions of cure mutation
Comestibles
 f - 8 bread rations
 r - 2 fruits
 C - 2 beef jerkies
 E - 3 chunks of flesh
 F - a royal jelly
 H - 2 meat rations


   Skills:
 - Level 10.3(9.7) Fighting
 * Level 13.8(13.0) Axes
 - Level 1.7(1.2) Throwing
 - Level 11.8(11.1) Armour
 - Level 3.2(2.7) Dodging
 - Level 11.8(11.1) Invocations


You had 10 spell levels left.
You knew the following spells:

 Your Spells              Type           Power        Failure   Level  Hunger
a - Apportation           Tloc           #.........   100%        1    ##.....


Dungeon Overview and Level Annotations

Branches:
Dungeon (11/15)            Temple (0/1) D:6            Lair (2/8) D:8
    Orc (2/2) D:11            Elf (0/3) Orc:2

Altars:
Ashenzari
Cheibriados
Elyvilon
Makhleb
Nemelex Xobeh
Okawaru
Ru
Sif Muna
Yredelemnul
The Shining One

Shops:
D:6 (   D:7 }   D:9 *(![*

Annotations:
D:3 Sigmund
Lair:1 exclusion: oklob plant


Innate Abilities, Weirdness & Mutations

You are resistant to damage.
You can recharge devices by infusing magical energy.
You passively map the area around you.
You do not regenerate naturally.


Message History

E - 3 chunks of flesh
Things that are here:
a leather armour; a whip
There is a stone staircase leading down, spattered with blood here.
Things that are here:
a leather armour; a whip You see here a club.
There is a stone staircase leading down here.
You climb downwards.
The orc warrior shouts!
The orc knight shouts!
The orc shouts!
The orc warrior shouts!
You hear a shout!
The orc knight barely misses you.
The orc warrior hits you but does no damage.
There is a stone staircase leading up here.
Unknown command.
Unknown command.
Unknown command.
Unknown command.
The orc knight hits you from afar with a bardiche!!
You die... * * * ### , ,,, ##.## ..# #[..# ....# * , , #### #.@.###...# , ... ##..####o..##...# ... #.....##o.o#....# ... ##......#...##...# oo.

## #........#...##..######ooo
##.##..#....[........#....oooo
#..........$.$.o.....#..542)oo
##.#.#.)..........$[.......oo33o
#...#....#.......[.$[.).o5.oo)oo


You could see an orc knight, 2 orc warriors and an orc.

Vanquished Creatures
  An orc warlord (Orc:2)
  The ghost of Chiseanne the Fighter, a journeyman CeAE of Gozag (D:11)
  The ghost of Trivium the Severer, a journeyman HOFi of Trog (Orc:1)
  A hydra (D:8)
  The ghost of namelastname112 the Grappler, a journeyman DrCK of Xom (D:11)
  The ghost of Voda the Basher, a journeyman OpCK of Xom (D:11)
  2 orc high priests (Orc:2)
  3 hill giants
  3 orc knights
  2 orc sorcerers
  An ugly thing (D:8)
  A black mamba (Lair:1)
  A gargoyle (D:11)
  A spiny frog (D:8)
  A komodo dragon (Lair:2)
  A kobold demonologist (Sewer)
  3 trolls
  2 two-headed ogres
  5 blink frogs
  A spriggan (D:8)
  11 yaks
  A hungry ghost (D:7)
  Eustachio (D:5)
  3 hippogriffs
  A soldier ant (D:11)
  A warg (Orc:1)
  A water moccasin (Lair:1)
  2 porcupines (Lair:1)
  23 orc warriors
  4 ice beasts
  3 black bears
  2 phantoms
  A necrophage (D:10)
  6 ogres
  9 centaurs
  4 crocodiles
  5 big kobolds
  Blork the orc (D:5)
  8 giant frogs
  2 wyvern zombies (D:11)
  A wyvern skeleton (D:11)
  3 scorpions
  8 wights
  15 killer bees
  5 crimson imps
  2 giant frog zombies
  3 jellies
  Crazy Yiuf (D:2)
  4 giant frog skeletons
  5 hounds
  17 orc priests
  Jessica (D:3)
  6 iguanas
  Terence (D:4)
  Natasha (thrice) (D:2)
  24 orc wizards
  7 worker ants
  4 sheep (Lair:1)
  A hound zombie (D:5)
  15 adders
  4 gnolls (D:3)
  13 river rats
  9 shadow imps
  3 ufetubi (Sewer)
  2 oozes
  An adder skeleton (D:8)
  4 worms
  6 giant geckos
  84 orcs
  2 bat zombies (Sewer)
  14 giant cockroaches
  6 goblins
  3 hobgoblins (D:2)
  11 jackals
  52 kobolds
  A quokka (D:6)
  A ball python (D:1)
  11 bats
  A giant cockroach zombie (Sewer)
  6 giant newts
  2 jackal zombies
  A kobold zombie (Sewer)
  A quokka zombie (D:7)
  9 rats
  A fungus (D:8)
496 creatures vanquished.

Vanquished Creatures (collateral kills)
  An orc warrior (Orc:2)
  4 orc priests
  2 orc wizards
  3 orcs
10 creatures vanquished.

Vanquished Creatures (others)
  Grinder (Sewer)
  An orc (D:10)
  A fungus (D:8)
3 creatures vanquished.

Grand Total: 509 creatures vanquished

Notes
Turn   | Place    | Note
--------------------------------------------------------------
     0 | D:1      | patman the Deep Dwarf Gladiator began the quest for the Orb.
     0 | D:1      | Reached XP level 1. HP: 19/19 MP: 1/1
    93 | D:1      | Reached XP level 2. HP: 24/26 MP: 2/2
   118 | D:1      | Reached skill level 4 in Axes
   668 | D:1      | Reached XP level 3. HP: 16/32 MP: 3/3
  1132 | D:2      | Reached skill level 5 in Axes
  1298 | D:2      | Reached XP level 4. HP: 34/39 MP: 4/4
  1338 | D:2      | Noticed Natasha
  1348 | D:2      | Killed Natasha
  1348 | D:2      | Reached skill level 6 in Axes
  1370 | D:2      | Noticed Natasha
  1376 | D:2      | Killed Natasha
  1376 | D:2      | Reached XP level 5. HP: 19/45 MP: 5/5
  1497 | D:2      | Noticed Natasha
  1504 | D:2      | Killed Natasha
  1812 | D:2      | Noticed Crazy Yiuf
  1822 | D:2      | Paralysed by Crazy Yiuf for 5 turns
  1828 | D:2      | Killed Crazy Yiuf
  1828 | D:2      | Reached skill level 7 in Axes
  1947 | D:3      | Reached XP level 6. HP: 38/52 MP: 6/6
  1998 | D:3      | Noticed Jessica
  2010 | D:3      | Killed Jessica
  2413 | D:3      | Noticed Sigmund
  2419 | D:3      | Noticed Terence
  2421 | D:3      | Found an iron altar of Okawaru.
  2450 | D:4      | Killed Terence
  2603 | D:4      | Reached skill level 8 in Axes
  2800 | D:4      | Found a burning altar of Makhleb.
  2813 | D:4      | Became a worshipper of Makhleb the Destroyer
  2957 | D:4      | Found a glowing drain.
  2961 | Sewer    | Entered a sewer
  3051 | Sewer    | Reached XP level 7. HP: 44/58 MP: 7/7
  3078 | Sewer    | Reached * piety under Makhleb
  3144 | Sewer    | Found a burning altar of Makhleb.
  3155 | Sewer    | Reached skill level 9 in Axes
  3193 | Sewer    | Reached ** piety under Makhleb
  3226 | Sewer    | Noticed Grinder
  3243 | Sewer    | Killed Grinder
  3279 | Sewer    | Noticed an apprentice kobold demonologist
  3321 | Sewer    | Killed an apprentice kobold demonologist
  3321 | Sewer    | Reached skill level 10 in Axes
  3772 | D:5      | Entered Level 5 of the Dungeon
  3996 | D:5      | Reached XP level 8. HP: 56/66 MP: 8/8
  3999 | D:5      | Noticed Eustachio
  4009 | D:5      | Killed Eustachio
  4018 | D:5      | Reached skill level 11 in Axes
  4190 | D:5      | Reached skill level 1 in Armour
  4271 | D:5      | Found a glowing golden altar of the Shining One.
  4334 | D:5      | Noticed Blork the orc
  4339 | D:5      | Killed Blork the orc
  4441 | D:5      | Reached *** piety under Makhleb
  4535 | D:6      | Found Zyfulul's Weapon Emporium.
  4690 | D:6      | Found a staircase to the Ecumenical Temple.
  5095 | D:6      | Found a snail-covered altar of Cheibriados.
  5095 | D:6      | Found a deep blue altar of Sif Muna.
  5156 | D:6      | Gained mutation: You passively map the area around you. [Deep Dwarf growth]
  5156 | D:6      | Reached XP level 9. HP: 44/79 MP: 9/9
  5366 | D:6      | Reached **** piety under Makhleb
  5418 | D:6      | Reached skill level 5 in Armour
  5701 | D:7      | Found Failiv's Gadget Shoppe.
  5726 | D:7      | Reached skill level 5 in Fighting
  5918 | D:7      | Found a basalt altar of Yredelemnul.
  5986 | D:7      | Found a white marble altar of Elyvilon.
  6326 | D:8      | Reached ***** piety under Makhleb
  6395 | D:8      | Found a staircase to the Lair.
  6511 | D:8      | Reached XP level 10. HP: 84/94 MP: 10/10
  7139 | D:8      | Found a sparkling altar of Nemelex Xobeh.
  7142 | D:8      | Found an iron altar of Okawaru.
  7145 | D:8      | Found a sacrificial altar of Ru.
  7197 | D:8      | Noticed a purple ugly thing
  7205 | D:8      | Killed a purple ugly thing
  7240 | Lair:1   | Entered Level 1 of the Lair of Beasts
  7240 | Lair:1   | Noticed a six-headed hydra
  7253 | D:8      | Killed a six-headed hydra
  7257 | Lair:1   | Noticed a spiny frog
  7282 | D:8      | Killed a spiny frog
  7442 | D:9      | Found a white marble altar of Elyvilon.
  7464 | D:9      | Found Paeden's Antique Armour Shop.
  7483 | D:9      | Reached skill level 10 in Armour
  7521 | D:9      | Reached ****** piety under Makhleb
  7766 | D:9      | Reached XP level 11. HP: 82/106 MP: 11/11
  7831 | D:9      | Found Diowennyeca's Assorted Antiques.
  7834 | D:9      | Bought a scroll of identify for 48 gold pieces
  7834 | D:9      | Bought a glowing broad axe for 96 gold pieces
  7918 | D:9      | Found Figimaa's Distillery.
  7948 | D:9      | Found Neheogeom's General Store.
  8009 | D:9      | Found Bodo's Antique Weapon Shoppe.
  8140 | D:9      | Upgraded the game from 0.18-a0-1147-g8e8348b to 0.18-a0-1157-g59db91b
  8141 | D:10     | Entered Level 10 of the Dungeon
  8468 | D:10     | Learned a level 1 spell: Apportation
  8678 | D:10     | Noticed a hill giant
  8694 | D:10     | Killed a hill giant
  8714 | D:10     | Found Fonkecog's Antique Weapon Shoppe.
  8944 | D:11     | Noticed a hill giant
  8944 | D:11     | Noticed a hill giant
  8982 | D:11     | Found a shattered altar of Ashenzari.
  8989 | D:11     | Reached skill level 10 in Fighting
  9095 | D:11     | Killed a hill giant
  9117 | D:11     | Killed a hill giant
  9168 | D:11     | Noticed Chiseanne's ghost (journeyman CeAE)
  9203 | D:11     | Killed Chiseanne's ghost
  9214 | D:11     | Reached skill level 5 in Invocations
  9244 | D:11     | Noticed namelastname112's ghost (journeyman DrCK)
  9275 | D:11     | Noticed Voda's ghost (journeyman OpCK)
  9277 | D:11     | Killed namelastname112's ghost
  9303 | D:11     | Killed Voda's ghost
  9717 | D:11     | Reached XP level 12. HP: 116/116 MP: 18/18
  9804 | D:11     | Found a staircase to the Orcish Mines.
  9942 | Orc:1    | Entered Level 1 of the Orcish Mines
 10109 | Orc:1    | Reached skill level 10 in Invocations
 10244 | Orc:1    | Noticed Trivium's ghost (journeyman HOFi)
 10276 | Orc:1    | Killed Trivium's ghost
 10548 | Orc:2    | Entered Level 2 of the Orcish Mines
 10552 | Orc:2    | Noticed an orc high priest
 10554 | Orc:2    | Paralysed by an orc sorcerer for 2 turns
 10588 | Orc:2    | Found a staircase to the Elven Halls.
 10705 | Orc:1    | HP: 4/116 [orc warrior/war axe (15)]
 11142 | D:6      | Bought the +4 broad axe "Sarcophage" {freeze, rElec rC+ Int+3} for 763 gold pieces
 11714 | Lair:2   | Reached skill level 12 in Axes
 12050 | Orc:2    | Noticed an orc high priest
 12058 | Orc:2    | Killed an orc high priest
 12058 | Orc:2    | Reached skill level 13 in Axes
 12069 | Orc:2    | Noticed an orc warlord
 12072 | Orc:2    | Noticed an orc high priest
 12081 | Orc:2    | Killed an orc high priest
 12083 | Orc:2    | Killed an orc warlord
 12322 | Orc:2    | Slain by an orc knight

Vault maps used:
D:1:      onia_arrival_larder, hex_intersection
D:2:      uniq_natasha, uniq_crazy_yiuf_cottage
D:3:      minivault_27, okawaru_trees_2, uniq_jessica, uniq_terence,
          uniq_sigmund
D:4:      makhleb_heckhound_becter, gup_sewer_entry_bowl, first_bread
D:5:      nicolae_tso_carved_into_rock, uniq_eustachio, uniq_blork_the_orc
D:6:      gammafunk_temple_overflow_wave, temple_hall_moat, serial_shops,
          shop_fountains
D:7:      elyvilon_altar_4, old_standard_altar, serial_shops,
          nicolae_shop_statue_plus
D:8:      grunt_temple_overflow_diamond, dpeg_oklobed_lair, the_bakery
D:9:      basic_altar, serial_shops, nicolae_shop_window_shopping, shop,
          nicolae_shop_behind_doors, nicolae_shop_waterfront, shop
D:10:     serial_shops, shop_statue
D:11:     david_orc_4, ashenzari_altar_1
Lair:1:   minmay_lair_oklob_tunnel
Orc:2:    st_orc_congregation
Sewer:    kennysheep_sewer_church

Action                   |  1- 3 |  4- 6 |  7- 9 | 10-12 || total
-------------------------+-------+-------+-------+-------++-------
Melee: War axe           |   122 |   234 |   166 |       ||   522
       Whip              |       |       |   421 |  1231 ||  1652
       Broad axe         |       |       |       |   142 ||   142
Throw: Javelin           |       |    16 |       |    13 ||    29
Invok: Lesser Servant of |       |       |       |     2 ||     2
       Greater Servant o |       |       |       |     2 ||     2
 Abil: Device Recharging |       |       |       |     1 ||     1
Evoke: Wand              |     1 |     3 |     2 |    10 ||    16
  Use: Scroll            |     2 |    12 |     9 |    10 ||    33
       Potion            |       |     2 |     1 |    13 ||    16
 Stab: Sleeping          |     1 |       |       |       ||     1
       Distracted        |       |       |       |     4 ||     4
  Eat: Chunk             |     1 |     6 |     8 |    10 ||    25
       Royal jelly       |       |       |     1 |       ||     1
       Pizza             |       |       |     2 |     1 ||     3
       Meat ration       |       |       |       |     3 ||     3
